 Dungeon Crawl Stone Soup version 0.24-a0-549-g45f0056d81 (webtiles) character file.

Game seed: 383342808644804972

393601 GameOver the Devastator (level 23, 0/198 HPs)
             Began as a Naga Wizard on Aug 19, 2019.
             Was the Champion of Kikubaaqudgha.
             Killed by vampiric draining
             ... invoked by Jory
              (24 damage)
             ... on level 5 of the Vaults.
             The game lasted 06:21:08 (37111 turns).

GameOver the Devastator (Naga Wizard)              Turns: 37111, Time: 06:21:09

Health: 0/198      AC: 37    Str: 11    XL:     23   Next: 45%
Magic:  21/42      EV: 11    Int: 26    God:    Kikubaaqudgha [******]
Gold:   737        SH: 13    Dex: 11    Spells: 19/52 levels left

rFire    . . .     SeeInvis +   s - +2 Maxwell's thermic engine {flame, freeze}
rCold    . . .     Gourm    .   I - +0 shield {AC+3}
rNeg     . . .     Faith    .   U - +6 acid dragon scales
rPois    +         Spirit   .   J - +1 helmet
rElec    .         Reflect  +   y - +2 cloak of the Thief {+Fog Slay-2 SInv Stlth+}
rCorr    +         Harm     .   b - +2 pair of gloves
MR       +++..                  D - +1 naga barding {Stlth+}
Stlth    +++++++...             C - +3 amulet of reflection
HPRegen  1.43/turn              k - +5 ring of evasion
MPRegen  0.28/turn              Y - ring of protection from magic

@: berserk cooldown, regenerating, slowed, heavily drained, very slow
A: large, see invisible, deformed body, poison resistance, slowness 2, slow
metabolism 1, spit poison 1, constrict 1, AC +7
}: 1/15 runes: serpentine
a: Spit Poison, Receive Corpses, Torment, Renounce Religion, Evoke Fog


You were on level 5 of the Vaults.
You worshipped Kikubaaqudgha.
Kikubaaqudgha was exalted by your worship.
You were hungry.

You visited 7 branches of the dungeon, and saw 36 of its levels.
You also visited: Gauntlet.

You collected 4939 gold pieces.
You spent 4202 gold pieces at shops.

Inventory:

Hand Weapons
 s - the +2 Maxwell's thermic engine (weapon) {flame, freeze}
   (You bought it in a shop on level 3 of the Elven Halls)

   It has been specially enchanted to burn those struck by it, causing extra
   injury to most foes and up to half again as much damage against particularly
   susceptible opponents.
   Big, fiery blades are also staple armaments of hydra-hunters.
   It has been specially enchanted to freeze those struck by it, causing extra
   injury to most foes and up to half again as much damage against particularly
   susceptible opponents.
 w - the +9 rapier "Zokab" {elec, rPois MP+9}
   (You bought it in a shop on level 3 of the Elven Halls)

   Occasionally, upon striking a foe, it will discharge some electrical energy
   and cause terrible harm.
   It protects you from poison.
   It affects your magic capacity (+9).
 W - a +4 demon blade of electrocution
Armour
 b - a +2 pair of gloves (worn)
 y - the +2 cloak of the Thief (worn) {+Fog Slay-2 SInv Stlth+}
   (You found it on level 3 of the Elven Halls)

   It affects your accuracy and damage with ranged weapons and melee attacks
   (-2).
   It lets you see invisible.
   It makes you more stealthy.
 D - a +1 naga barding of stealth (worn)
 I - a +0 shield of protection (worn)
 J - a +1 helmet (worn)
 N - +0 fire dragon scales
 U - +6 acid dragon scales (worn)
Magical Staves
 E - an uncursed staff of energy
 S - an uncursed staff of conjuration
 T - an uncursed staff of wizardry
Jewellery
 k - a +5 ring of evasion (left hand)
 C - a +3 amulet of reflection (around neck)
 Q - an uncursed ring of positive energy
 Y - a ring of protection from magic (right hand)
Wands
 l - a wand of acid (30)
 x - a wand of digging (7)
 z - a wand of flame (4)
 G - a wand of iceblast (50)
 L - a wand of disintegration (37)
 O - a wand of scattershot (15)
Scrolls
 c - a scroll of silence
 f - 7 scrolls of amnesia
 g - 9 scrolls of teleportation
 i - 8 scrolls of blinking
 j - 13 scrolls of remove curse
 m - 2 scrolls of enchant armour
 q - 2 scrolls of enchant weapon
 r - 15 scrolls of identify
 t - 6 scrolls of magic mapping
 v - 9 scrolls of fear
 A - 5 scrolls of fog
 P - 2 scrolls of summoning
 V - a scroll of torment
Potions
 e - a potion of mutation
 h - 5 potions of might
 n - 7 potions of heal wounds
 o - a potion of berserk rage
 p - 6 potions of curing
 u - 2 potions of ambrosia
 B - 5 potions of flight
 H - 3 potions of haste
 K - a potion of magic
 M - 3 potions of brilliance
 R - a potion of resistance
Miscellaneous
 F - a crystal ball of energy
 X - a fan of gales
 Z - a lamp of fire
Comestibles
 d - 42 rations


   Skills:
 - Level 10.0(8.4) Fighting
 - Level 12.0(12.6) Short Blades
 + Level 13.6(13.4) Long Blades
   Level 6.1(4.7) Maces & Flails
 - Level 9.0(7.4) Armour
 - Level 1.5(0.3) Dodging
 - Level 15.0(13.2) Stealth
 - Level 9.0(7.4) Shields
 - Level 15.0(13.2) Spellcasting
 - Level 15.0(13.2) Conjurations
 - Level 6.0(4.5) Charms
   Level 1.0(0.0) Summonings
 - Level 12.0(10.3) Necromancy
 - Level 3.0(1.7) Translocations
 - Level 3.2(1.9) Fire Magic
 - Level 9.0(7.4) Ice Magic
 - Level 9.0(7.4) Air Magic
 - Level 6.0(4.6) Poison Magic
 + Level 8.9(7.4) Evocations


You had 19 spell levels left.
You knew the following spells:

 Your Spells              Type           Power        Failure   Level  Hunger
a - Throw Icicle          Conj/Ice       ######..     1%          4    None
b - Blink                 Tloc           N/A          4%          2    None
c - Dispel Undead         Necr           ######..     2%          5    ##.....
d - Mephitic Cloud        Conj/Pois/Air  ######..     1%          3    None
f - Conjure Flame         Conj/Fire      ######..     1%          3    None
s - Bolt of Draining      Conj/Necr      ######....   1%          5    ##.....
x - Regeneration          Chrm/Necr      ######....   1%          3    None
D - Freezing Cloud        Conj/Ice/Air   ######....   22%         6    #####..
X - Sublimation of Blood  Necr           ######....   1%          2    None

Your spell library contained the following spells:

 Spells                   Type           Power        Failure   Level  Hunger
 Freeze                   Ice            ####         1%          1    None
 Infusion                 Chrm           ####         1%          1    None
 Magic Dart               Conj           ####         1%          1    None
 Pain                     Necr           ####         1%          1    None
 Sting                    Conj/Pois      ####         1%          1    None
 Corpse Rot               Necr           N/A          1%          2    None
 Poisonous Vapours        Pois/Air       #####.       1%          2    None
 Song of Slaying          Chrm           #####...     1%          2    None
 Throw Frost              Conj/Ice       ######       1%          2    None
 Dazzling Spray           Conj/Hex       ######       1%          3    None
 Ozocubu's Armour         Chrm/Ice       #####...     1%          3    None
 Ensorcelled Hibernation  Hex/Ice        #####.       2%          2    None
 Shroud of Golubria       Chrm/Tloc      ####..       2%          2    None
 Force Lance              Conj/Tloc      ######..     3%          4    None
 Beastly Appendage        Tmut           ###...       7%          1    None
 Confusing Touch          Hex            ###...       7%          1    None
 Corona                   Hex            ###....      7%          1    None
 Spectral Weapon          Hex/Chrm       ####....     8%          3    None
 Spider Form              Tmut/Pois      ####......   8%          3    None
 Call Imp                 Summ           ###.....     10%         2    None
 Slow                     Hex            ###.....     10%         2    None
 Sticks to Snakes         Tmut           ###.....     10%         2    None
 Gell's Gravitas          Tloc           ####......   10%         3    None
 Olgreb's Toxic Radiance  Pois           #####...     10%         4    None
 Inner Flame              Hex/Fire       ###.....     13%         3    None
 Portal Projectile        Hex/Tloc       ###...       14%         3    None
 Ice Form                 Ice/Tmut       #####...     14%         4    None
 Summon Ice Beast         Ice/Summ       #####...     14%         4    None
 Bolt of Cold             Conj/Ice       ######....   14%         6    #####..
 Death Channel            Necr           ######....   14%         6    #####..
 Confuse                  Hex            ###.....     21%         3    None
 Tukima's Dance           Hex            ###.....     21%         3    None
 Borgnjor's Vile Clutch   Necr/Erth      #####.....   22%         5    ##.....
 Simulacrum               Ice/Necr       ######....   26%         6    #####..
 Metabolic Englaciation   Hex/Ice        #####.....   36%         5    ##.....
 Ozocubu's Refrigeration  Ice            ######....   43%         6    #####..
 Cause Fear               Hex            ###.......   54%         4    None
 Leda's Liquefaction      Hex/Erth       ###.......   54%         4    None
 Petrify                  Tmut/Erth      ###.....     54%         4    None
 Alistair's Intoxication  Tmut/Pois      ####....     56%         5    ##.....
 Blade Hands              Tmut           ###.......   88%         5    ##.....
 Summon Mana Viper        Hex/Summ       ###.....     88%         5    ##.....
 Yara's Violent Unravell  Hex/Tmut       ###.......   88%         5    ##.....
 Dispersal                Tloc           ####......   99%         6    #####..
 Borgnjor's Revivificati  Necr           ######....   99%         8    #######
 Infestation              Necr           ######....   99%         8    #######
 Haunt                    Necr/Summ      #####.....   100%        7    ######.
 Ring of Flames           Chrm/Fire      ####......   100%        7    ######.
 Controlled Blink         Tloc           N/A          100%        8    #######
 Death's Door             Chrm/Necr      ######....   100%        8    #######
 Disjunction              Tloc           ####......   100%        8    #######
 Necromutation            Tmut/Necr      #####.....   100%        8    #######


Dungeon Overview and Level Annotations

Branches:
Dungeon (15/15)            Temple (1/1) D:7            Lair (6/6) D:8
 Shoals (0/4) Lair:2        Snake (4/4) Lair:3        Slime (0/5) Lair:5
    Orc (2/2) D:11            Elf (3/3) Orc:2        Vaults (5/5) D:14
  Crypt (0/3) Vaults:2     Depths (0/5) D:15

Altars:
Ashenzari
Cheibriados
Dithmenos
Elyvilon
Fedhas
Gozag
Hepliaklqana
Kikubaaqudgha
Makhleb
Nemelex Xobeh
Okawaru
Qazlal
Ru
Sif Muna
Trog
Uskayaw
Vehumet
Wu Jian
Xom
Yredelemnul
Zin
The Shining One

Shops:
D:11 (   Orc:2 [(=*   Elf:1 !   Elf:2 %[   Elf:3 (   Snake:1 [   Snake:2 (
Vaults:4 *

Annotations:
Elf:2 4 runed translucent doors
Vaults:5 Jory


Innate Abilities, Weirdness & Mutations

You cannot wear boots.
Your serpentine skin is tough. (AC +7)
You have supernaturally acute eyesight. (SInv)
Armour fits poorly on your strangely shaped body.
Your system is resistant to poisons. (rPois)
You cover ground very slowly.
You have a slow metabolism.
You can spit poison.
You can use your snake-like lower body to constrict enemies.


Message History

Press: ? - help, Shift-Dir - straight line, f/p - Jory
Aim: Jory, wielding a +5 great sword and wearing a +0 chain mail of poison resistance (heavily damaged) Jory is dispelled!!
Jory closely misses you.
You riposte.
You slash Jory! You burn Jory! You freeze Jory. Your grab misses Jory.
Jory is severely damaged.
You block Jory's attack. The human hits you but does no damage.
Casting: Dispel Undead (safe; 2% risk of failure)
Confirm with . or Enter, or press ? or * to list all spells.
Aiming: Dispel Undead (safe; 2% risk of failure)
Press: ? - help, Shift-Dir - straight line, f/p - Jory
Aim: Jory, wielding a +5 great sword and wearing a +0 chain mail of poison resistance (severely damaged) Jory is dispelled!!
The white ugly thing barely misses you.
Jory is infused with unholy energy.
* * * LOW HITPOINT WARNING * * *
Jory draws life force from you and is healed!
The human closely misses you.
You block the white ugly thing's attack.
Jory is infused with unholy energy.
You die...
Kikubaaqudgha rasps: "You have failed me!
Welcome... death!"

#. .... #.#.#.#D .
#...... .....W... .
#..#..###...? ....###
#..........# #.....
#..#..#...}# #|...#
#[........!# #....Q
#..#..#....# #....#
#...ph.....# #y...(
#..#@.###...(...D.###
#..uV...# ..... #..
#.......# . #..
####...... .....
'........ .......
###..#.#. #.#.#..
...... ....... ......
.C.y... #######


You could see Jory, a white ugly thing, a polar bear shaped shifter and a human
shaped shifter.

Vanquished Creatures
  Mara (Vaults:3)
  Saint Roka (Snake:4)
  Margery (Vaults:3)
  Rupert (D:13)
  Jorgrun (D:13)
  2 titans (Vaults:5)
  3 deep elf blademasters (Elf:3)
  Asterion (Snake:4)
  A deep elf master archer (Elf:3)
  3 sphinxes
  Frances (D:12)
  2 shadow dragons (Vaults:5)
  Kirke (Snake:2)
  An ancient champion (Vaults:4)
  2 tengu reavers (Vaults:5)
  Donald (Orc:2)
  15 nagarajas
  2 fire giants
  A frost giant (Vaults:4)
  5 deep elf sorcerers
  An orc warlord (Orc:2)
  11 vault wardens
  Louise (Snake:4)
  A curse skull (Vaults:2)
  An iron dragon (Vaults:5)
  Aizul (Elf:1)
  7 deep elf elementalists
  12 ironheart preservers
  7 stone giants
  3 spriggan defenders (Vaults:4)
  A vampire knight (Vaults:4)
  2 entropy weavers
  Nessos (Lair:4)
  8 deep elf demonologists
  Azrael (D:15)
  11 deep elf annihilators
  A dire elephant (D:15)
  A minotaur (Gauntlet)
  3 ettins
  A crystal guardian (Vaults:2)
  4 deep elf death magi
  3 fire dragons
  2 slime creatures (Vaults:1)
  7 ogre magi
  5 great orbs of eyes
  3 deep elf high priests (Elf:3)
  Erolcha (D:9)
  Harold (D:11)
  9 yaktaur captains
  34 vault guards
  An ice dragon (Vaults:4)
  10 hydras
  A death knight (Vaults:4)
  2 catoblepae
  11 naga warriors
  14 anacondas
  Erica (Orc:1)
  22 two-headed ogres
  7 centaur warriors
  6 death yaks (Lair:6)
  11 dancing weapons
  9 naga sharpshooters
  3 orc high priests (Orc:2)
  Urug (Lair:6)
  7 shock serpents
  Sonja (D:13)
  The ghost of MirrMurr the Archer, a novice CeBe of Trog (D:7)
  18 deep elf knights
  A fire crab (Lair:6)
  A shadow wraith (Vaults:4)
  4 hell knights
  6 wizards
  A fire crab (shapeshifter) (D:14)
  5 unseen horrors
  2 salamander mystics (Snake:4)
  7 deep trolls
  3 sea snakes (Snake:4)
  A glowing orange brain (Vaults:1)
  2 flayed ghosts
  18 deep elf archers
  A swamp dragon (shapeshifter) (Elf:1)
  4 naga ritualists
  A shadow dragon zombie (Vaults:5)
  10 ironbrand convokers
  15 orc knights
  A lindwurm (Lair:2)
  2 harpies
  8 mana vipers
  8 necromancers
  45 deep elf magi
  10 wolf spiders
  7 manticores
  24 ugly things
  8 salamanders
  8 cyclopes
  8 orc sorcerers
  25 elephants
  14 guardian serpents
  The ghost of Thantalas the Shield-Bearer, a novice GrFi of Okawaru (D:5)
  Maurice (Orc:1)
  10 vault sentinels
  A black mamba (shapeshifter) (Elf:1)
  A human skeleton (Vaults:5)
  A torpor snail (Lair:6)
  16 naga magi
  12 spiny frogs
  A guardian serpent (shapeshifter) (Vaults:2)
  45 black mambas
  29 yaktaurs
  2 rime drakes
  An efreet (D:13)
  2 yaktaurs (shapeshifter)
  3 kobold demonologists
  A minotaur zombie (Gauntlet)
  A rime drake (shapeshifter) (Vaults:3)
  4 komodo dragons
  10 freezing wraiths
  A wind drake (shapeshifter) (Vaults:2)
  A queen bee (shapeshifter) (Elf:1)
  A polar bear (Lair:4)
  A jumping spider (Vaults:3)
  5 trolls
  10 hornets
  A raiju (shapeshifter) (Vaults:2)
  A hippogriff (shapeshifter) (Vaults:4)
  7 dream sheep (Lair:6)
  3 hippogriffs
  2 frost giant simulacra
  3 air elementals (Elf:2)
  A spriggan (D:7)
  5 redbacks
  A redback (shapeshifter) (Vaults:3)
  6 shadows
  A tarantella (Vaults:3)
  6 basilisks
  A vampire (D:14)
  5 wraiths
  A basilisk (shapeshifter) (D:13)
  3 fire elementals
  A hog (shapeshifter) (Vaults:4)
  49 yaks
  A yaktaur simulacrum (Vaults:1)
  A redback simulacrum (D:15)
  10 wyverns (Lair:6)
  4 vampire mosquitoes (D:15)
  A hungry ghost (D:15)
  Edmund (D:5)
  30 nagas
  5 wargs
  A soldier ant (D:14)
  5 acid dragons
  4 hell hounds
  18 water moccasins
  13 porcupines
  Duvessa (D:7)
  A black bear (D:8)
  A human zombie (Vaults:4)
  34 orc warriors
  5 ice beasts
  7 sky beasts
  A necrophage (D:8)
  33 ogres
  5 phantoms
  17 centaurs
  11 wolves
  2 boggarts (Elf:1)
  2 elf skeletons
  11 crocodiles
  4 big kobolds
  Blork the orc (D:6)
  3 earth elementals
  18 bullfrogs
  Dowan (D:7)
  A deep troll simulacrum (Vaults:1)
  6 scorpions
  A water moccasin skeleton (D:7)
  11 killer bees
  6 wights
  7 howler monkeys
  A spectral bullfrog (D:7)
  7 crimson imps
  A bullfrog zombie (D:6)
  8 hounds
  8 jellies
  2 quasits
  6 centaur zombies
  12 orc priests
  5 centaur skeletons
  2 bullfrog skeletons
  2 iguanas
  Ijyb (D:5)
  13 orc wizards
  11 worker ants
  A killer bee zombie (D:6)
  A hound zombie (D:6)
  A hound skeleton (D:6)
  3 worker ant zombies
  3 gnolls (D:8)
  19 adders
  3 shadow imps
  2 oozes
  An adder skeleton (D:9)
  7 worms
  A dart slug (D:1)
  8 leopard geckos
  78 orcs
  A ball python (Snake:4)
  3 giant cockroaches
  5 goblins
  8 hobgoblins
  10 jackals
  6 quokkas
  7 bats
  3 frilled lizards (D:2)
  17 kobolds
  A leopard gecko skeleton (D:8)
  A quokka zombie (D:7)
  9 rats
  2 crawling corpses (Elf:3)
1388 creatures vanquished.

Vanquished Creatures (collateral kills)
  A plant (Lair:2)
1 creature vanquished.

Vanquished Creatures (others)
  Vashnia (Snake:4)
  2 stone giants (Vaults:5)
  2 yaktaur captains
  An unseen horror (D:13)
  A deep elf archer (Vaults:2)
  3 deep elf magi (Elf:2)
  2 yaktaurs (Vaults:3)
  A human (Snake:2)
  A naga (Snake:4)
  A ball lightning (Vaults:2)
  42 fungi
  43 plants
  13 withered plants (Gauntlet)
113 creatures vanquished.

Grand Total: 1502 creatures vanquished

Notes
Turn   | Place    | Note
-------+----------+-------------------------------------------
     0 | D:1      | GameOver the Naga Wizard began the quest for the Orb.
     0 | D:1      | Reached XP level 1. HP: 15/15 MP: 4/4
     2 | D:1      | Noticed a tengu
     2 | D:1      | Noticed a naga
     4 | D:1      | Noticed a centaur
     4 | D:1      | Noticed a minotaur
     6 | D:1      | Noticed a halfling
     6 | D:1      | Noticed a draconian
     8 | D:1      | Noticed a demigod
    10 | D:1      | Noticed a vine stalker
    10 | D:1      | Noticed a merfolk
    12 | D:1      | Noticed a felid
    14 | D:1      | Noticed a human
    14 | D:1      | Noticed a ghoul
    16 | D:1      | Noticed a vampire
    16 | D:1      | Noticed a gargoyle
    18 | D:1      | Noticed a dwarf
    18 | D:1      | Noticed an octopode
    20 | D:1      | Noticed an ogre
    20 | D:1      | Noticed a spriggan
    22 | D:1      | Noticed a demonspawn
    24 | D:1      | Noticed a formicid
    26 | D:1      | Noticed an elf
    26 | D:1      | Noticed a troll
   175 | D:1      | Reached XP level 2. HP: 13/22 MP: 4/6
   681 | D:2      | Reached XP level 3. HP: 27/28 MP: 4/7
   685 | D:2      | Learned a level 2 spell: Blink
   689 | D:2      | Learned a level 3 spell: Mephitic Cloud
  1142 | D:2      | Reached XP level 4. HP: 36/36 MP: 4/8
  1568 | D:3      | You fall into a shaft and drop 3 floors!
  1580 | D:5      | Entered Level 5 of the Dungeon
  1639 | D:5      | Noticed a sky beast
  1660 | D:5      | Killed a sky beast
  1660 | D:5      | Reached skill level 5 in Conjurations
  1660 | D:5      | Reached XP level 5. HP: 24/42 MP: 0/9
  1864 | D:3      | Reached XP level 6. HP: 47/49 MP: 7/10
  2520 | D:4      | Reached skill level 1 in Poison Magic
  2888 | D:4      | Reached skill level 5 in Stealth
  2888 | D:4      | Reached XP level 7. HP: 55/55 MP: 8/11
  3125 | D:5      | Learned a level 3 spell: Conjure Flame
  3131 | D:5      | Found a runed translucent gate.
  3131 | D:5      | Found a runed translucent gate.
  3139 | D:5      | Found a runed translucent gate.
  3141 | D:5      | Noticed Thantalas's ghost (novice GrFi)
  3308 | D:5      | Noticed Ijyb
  3310 | D:5      | Noticed Edmund
  3315 | D:5      | Killed Ijyb
  3340 | D:5      | Killed Edmund
  3372 | D:5      | Reached skill level 5 in Poison Magic
  3521 | D:5      | Reached skill level 1 in Evocations
  3521 | D:5      | Reached XP level 8. HP: 36/62 MP: 2/14
  3602 | D:5      | Found a hide-covered altar of Uskayaw.
  3641 | D:5      | Reached skill level 1 in Maces & Flails
  3712 | D:5      | Found a shattered altar of Ashenzari.
  3965 | D:5      | Killed Thantalas's ghost
  4229 | D:6      | Reached skill level 1 in Fire Magic
  4229 | D:6      | Reached XP level 9. HP: 68/68 MP: 6/16
  4376 | D:6      | Noticed Blork the orc
  4388 | D:6      | Killed Blork the orc
  4388 | D:6      | Reached skill level 5 in Spellcasting
  4926 | D:7      | Noticed Duvessa
  4927 | D:7      | Noticed Dowan
  4950 | D:7      | Killed Duvessa
  4953 | D:7      | Killed Dowan
  4960 | D:7      | Reached skill level 5 in Evocations
  5504 | D:7      | Found a runed translucent gate.
  5506 | D:7      | Found a runed translucent gate.
  5506 | D:7      | Found a runed translucent gate.
  5516 | D:7      | Noticed MirrMurr's ghost (novice CeBe)
  5584 | D:7      | Killed MirrMurr's ghost
  5584 | D:7      | Reached skill level 5 in Maces & Flails
  5584 | D:7      | Reached XP level 10. HP: 51/81 MP: 10/19
  5717 | D:7      | Found a staircase to the Ecumenical Temple.
  5721 | Temple   | Entered the Ecumenical Temple
  5928 | Temple   | Became a worshipper of Kikubaaqudgha
  6405 | D:8      | Found a bloodstained altar of Trog.
  6415 | D:8      | Reached skill level 5 in Fighting
  6420 | D:8      | Found a staircase to the Lair.
  6454 | D:8      | Reached * piety under Kikubaaqudgha
  6454 | D:8      | Identified Kikubaaqudgha's Compendium of Evil
                  | (Kikubaaqudgha gifted it to you on level 8 of the Dungeon)
  6454 | D:8      | Received a gift from Kikubaaqudgha
  6464 | D:8      | Learned a level 3 spell: Regeneration
  6629 | D:8      | Reached skill level 1 in Charms
  6629 | D:8      | Reached skill level 1 in Necromancy
  6794 | D:8      | Found an ornate altar of the Wu Jian Council.
  7117 | D:9      | Found a sparkling altar of Nemelex Xobeh.
  7169 | D:9      | Found a snail-covered altar of Cheibriados.
  7177 | D:9      | Found a burning altar of Makhleb.
  7177 | D:9      | Found a stormy altar of Qazlal.
  7242 | D:9      | Noticed a two-headed ogre
  7262 | D:9      | Killed a two-headed ogre
  7262 | D:9      | Reached XP level 11. HP: 97/97 MP: 3/20
  7315 | D:9      | Noticed Erolcha
  7341 | D:9      | Killed Erolcha
  7470 | D:9      | Reached ** piety under Kikubaaqudgha
  7912 | D:9      | Reached skill level 5 in Necromancy
  7916 | D:9      | Reached skill level 5 in Charms
  7988 | D:10     | Entered Level 10 of the Dungeon
  8357 | D:10     | Reached *** piety under Kikubaaqudgha
  8357 | D:10     | Identified Kikubaaqudgha's Collected Works on Evil Rites
                  | (Kikubaaqudgha gifted it to you on level 10 of the Dungeon)
  8357 | D:10     | Received a gift from Kikubaaqudgha
  8462 | D:10     | Learned a level 5 spell: Dispel Undead
  8510 | D:10     | Noticed a brown ugly thing
  8521 | D:10     | Killed a brown ugly thing
  8658 | D:10     | Learned a level 5 spell: Bolt of Draining
  8754 | Lair:1   | Entered Level 1 of the Lair of Beasts
  8903 | Lair:1   | Reached XP level 12. HP: 68/105 MP: 4/22
  9550 | Lair:2   | Found a staircase to the Shoals.
  9983 | Lair:2   | Reached **** piety under Kikubaaqudgha
 10015 | Lair:2   | Noticed an eight-headed hydra
 10093 | Lair:2   | Killed an eight-headed hydra
 10728 | Lair:3   | Found a staircase to the Snake Pit.
 10743 | Lair:3   | Noticed a seven-headed hydra
 10798 | Lair:3   | Killed a seven-headed hydra
 11103 | Lair:3   | Reached skill level 10 in Necromancy
 11440 | Lair:4   | Noticed a catoblepas
 11443 | Lair:4   | Noticed Nessos
 11455 | Lair:3   | Killed a catoblepas
 11455 | Lair:3   | Gained mutation: You can use your snake-like lower body to
                  | constrict enemies. [Naga growth]
 11455 | Lair:3   | Reached XP level 13. HP: 63/111 MP: 11/25
 12057 | Lair:4   | Killed Nessos
 12666 | Lair:5   | Found a staircase to the Slime Pits.
 12712 | Lair:5   | Learned a level 4 spell: Throw Icicle
 12823 | Lair:5   | Reached skill level 1 in Ice Magic
 12927 | Lair:5   | Reached ***** piety under Kikubaaqudgha
 13544 | Lair:6   | Entered Level 6 of the Lair of Beasts
 13618 | Lair:6   | Noticed Urug
 13637 | Lair:6   | Reached skill level 10 in Spellcasting
 13718 | Lair:6   | Found a gate leading to a gauntlet.
 13727 | Gauntlet | Entered a Gauntlet
 13727 | Gauntlet | Found a transporter.
 13727 | Gauntlet | Found a transporter.
 13727 | Gauntlet | Found a transporter.
 13727 | Gauntlet | Found a transporter.
 13727 | Gauntlet | Noticed an entropy weaver
 13747 | Gauntlet | Found a transporter.
 13761 | Gauntlet | Found a transporter.
 13769 | Gauntlet | Found the +2 pair of boots of the Assassin {Detection Stab+
                  | Stlth++}
 13778 | Gauntlet | Found a transporter.
 13784 | Gauntlet | Found a transporter.
 13792 | Gauntlet | Found a transporter.
 13809 | Gauntlet | Found a transporter.
 13817 | Gauntlet | Found a transporter.
 13836 | Gauntlet | Found a transporter.
 13912 | Gauntlet | Killed an entropy weaver
 13931 | Gauntlet | Got a brightly glowing helmet
 13942 | Gauntlet | Identified the +2 helmet of Divine Compulsion {rCorr MP-9
                  | Int+8} (You found it in a Gauntlet)
 14078 | Gauntlet | Noticed a minotaur
 14098 | Gauntlet | Killed a minotaur
 14108 | Gauntlet | Identified Sif Muna's Tome of the Ensnaring Traveller
 14195 | Lair:6   | Reached XP level 14. HP: 91/123 MP: 15/28
 14204 | Lair:6   | Reached skill level 1 in Short Blades
 14299 | Lair:6   | Reached skill level 5 in Ice Magic
 14458 | Lair:6   | Killed Urug
 15903 | D:11     | Noticed Harold
 15913 | D:11     | Killed Harold
 16006 | D:11     | Found Cistic's Antique Weapon Shop.
 16024 | D:11     | Bought an ancient short sword for 240 gold pieces
 16024 | D:11     | Identified the +7 short sword of the Firefly {pierce, rC+
                  | MR+ Dex+2} (You bought it in a shop on level 11 of the
                  | Dungeon)
 16148 | D:11     | Reached skill level 5 in Short Blades
 16250 | D:11     | Found a staircase to the Orcish Mines.
 16651 | D:12     | Noticed Frances
 16777 | D:12     | Killed Frances
 16967 | D:13     | Noticed Jorgrun
 17235 | D:13     | Reached XP level 15. HP: 118/134 MP: 19/30
 17237 | D:13     | Reached ****** piety under Kikubaaqudgha
 17268 | D:13     | Learned a level 2 spell: Sublimation of Blood
 17293 | D:13     | Identified Aczeivap's Catalogue of Toxins and Cold
 17305 | D:13     | Identified the +1 robe "Afufoer" {*Drain +Blink MR+ Dex+4}
 17353 | D:13     | Killed Jorgrun
 17355 | D:13     | Noticed Sonja
 17364 | D:13     | Killed Sonja
 17505 | D:13     | Noticed Rupert
 17518 | D:13     | Reached skill level 1 in Armour
 17591 | D:13     | Identified the cursed +0 scale mail of Ise Tolo {+Fly
                  | Int+3}
 17679 | D:13     | Killed Rupert
 17853 | Orc:1    | Entered Level 1 of the Orcish Mines
 17938 | Orc:2    | Entered Level 2 of the Orcish Mines
 17968 | Orc:2    | Found Ciboheod's Jewellery Shoppe.
 17991 | Orc:1    | Noticed Erica
 17998 | Orc:1    | Killed Erica
 18173 | Orc:1    | Noticed Maurice
 18184 | Orc:1    | Killed Maurice
 18334 | Orc:2    | Found a staircase to the Elven Halls.
 18390 | Orc:2    | Noticed Donald
 18392 | Orc:2    | Noticed an orc warlord
 18428 | Orc:2    | Killed an orc warlord
 18432 | Orc:2    | Killed Donald
 18509 | Orc:2    | Found Efuacw's Antique Weapon Emporium.
 18556 | Orc:2    | Found a burning altar of Makhleb.
 18603 | Orc:2    | Found Jeagaura's Antique Armour Shop.
 18776 | Orc:2    | Found Noutux Nute's General Store.
 18812 | Orc:2    | Bought a scroll of amnesia for 42 gold pieces
 18812 | Orc:2    | Bought a ration for 60 gold pieces
 19122 | Elf:1    | Entered Level 1 of the Elven Halls
 19122 | Elf:1    | Found Omeok's Distillery.
 19143 | Elf:1    | Bought 2 potions of haste for 260 gold pieces
 19143 | Elf:1    | Bought a potion of might for 52 gold pieces
 19143 | Elf:1    | Bought a potion of heal wounds for 65 gold pieces
 19143 | Elf:1    | Bought a potion of mutation for 104 gold pieces
 19143 | Elf:1    | Bought a potion of invisibility for 104 gold pieces
 19143 | Elf:1    | Bought a potion of curing for 39 gold pieces
 19143 | Elf:1    | Bought a potion of cancellation for 104 gold pieces
 19491 | Elf:1    | Reached skill level 1 in Shields
 19502 | Elf:1    | Reached XP level 16. HP: 107/145 MP: 2/32
 19652 | Elf:1    | Noticed Aizul
 19805 | Elf:1    | Reached skill level 5 in Armour
 19977 | Elf:1    | Killed Aizul
 20204 | Elf:1    | Reached skill level 10 in Fighting
 20456 | Elf:2    | Noticed a Hell Sentinel
 20457 | Elf:2    | Reached skill level 10 in Short Blades
 20533 | Elf:2    | Reached skill level 1 in Air Magic
 20704 | Elf:2    | Noticed a sphinx
 20728 | Elf:2    | Killed a sphinx
 20905 | Elf:2    | Learned a level 6 spell: Freezing Cloud
 20971 | Elf:2    | Reached skill level 10 in Conjurations
 21111 | Elf:2    | Reached XP level 17. HP: 80/153 MP: 12/33
 21177 | Elf:2    | Found Ybaty's Food Shoppe.
 21384 | Elf:2    | Found Kilyra Mexa's Antique Armour Shoppe.
 21454 | Elf:2    | Reached skill level 5 in Air Magic
 21458 | Elf:2    | Found a large runed translucent door.
 21458 | Elf:2    | Found a large runed translucent door.
 21496 | Elf:2    | Found a large runed translucent door.
 21496 | Elf:2    | Found a large runed translucent door.
 22048 | Temple   | Received a gift from Kikubaaqudgha
 22545 | D:14     | Found a sacrificial altar of Ru.
 22604 | D:14     | Found a gate to the Vaults.
 22735 | D:15     | Entered Level 15 of the Dungeon
 23080 | D:15     | Noticed Azrael
 23103 | D:15     | Killed Azrael
 23236 | D:15     | Found a staircase to the Depths.
 23672 | Snake:1  | Entered Level 1 of the Snake Pit
 23822 | Snake:1  | Identified the +3 falchion "Yrucak" {slice, Str+7 Int+2}
 23840 | Snake:1  | Found a radiant altar of Vehumet.
 23922 | Snake:1  | Found Naut's Antique Armour Shop.
 23929 | Snake:1  | Bought a glowing cloak for 262 gold pieces
 23929 | Snake:1  | Bought a pair of embroidered gloves for 262 gold pieces
 24587 | Snake:2  | Noticed Kirke
 24593 | Snake:2  | Noticed a sphinx
 24744 | Snake:2  | Killed Kirke
 24985 | Snake:2  | Found Girchopa's Antique Weapon Shoppe.
 25030 | Snake:2  | Bought an ivory rapier for 297 gold pieces
 25030 | Snake:2  | Bought a runed rapier for 231 gold pieces
 25032 | Snake:2  | Identified the cursed +2 rapier "Hyesuttu" {distort, MR+
                  | Int+2} (You bought it in a shop on level 2 of the Snake
                  | Pit)
 25415 | Snake:3  | Found a glowing golden altar of the Shining One.
 25516 | Snake:3  | Reached XP level 18. HP: 160/160 MP: 11/34
 26034 | Snake:3  | Reached skill level 10 in Stealth
 26768 | Snake:4  | Entered Level 4 of the Snake Pit
 27059 | Snake:4  | Noticed Vashnia
 27066 | Snake:4  | Noticed Asterion
 27647 | Snake:4  | Noticed Louise
 27687 | Snake:4  | Killed Louise
 27823 | Snake:4  | Found a runed translucent gate.
 27824 | Snake:4  | Found a runed translucent gate.
 27824 | Snake:4  | Found a runed translucent gate.
 27978 | Snake:4  | Killed Vashnia
 28195 | Snake:4  | Killed Asterion
 28324 | Snake:4  | Noticed Saint Roka
 28347 | Snake:4  | Killed Saint Roka
 28446 | Snake:4  | HP: 8/160 [nagaraja/orb of energy (30)]
 28609 | Snake:4  | Got a serpentine rune of Zot
 28714 | Snake:4  | Reached XP level 19. HP: 137/168 MP: 33/36
 29384 | Elf:3    | Entered Level 3 of the Elven Halls
 29471 | Elf:3    | Found Piut Juu's Antique Weapon Emporium.
 29488 | Elf:3    | Bought a scorched rapier for 279 gold pieces
 29488 | Elf:3    | Identified the +9 rapier "Zokab" {elec, rPois MP+9} (You
                  | bought it in a shop on level 3 of the Elven Halls)
 29932 | Elf:3    | Reached skill level 15 in Conjurations
 29935 | Elf:3    | Identified the cursed +1 ring mail of Inionety {rCorr Dex+2
                  | SInv}
 30035 | Elf:3    | Noticed an Ice Fiend
 30046 | Elf:3    | Noticed a Tzitzimitl
 30051 | Elf:3    | Identified the ring "Adyhux" {*Drain rPois rN+ Int+6}
 30083 | Elf:3    | Noticed an Ice Fiend
 30181 | Elf:3    | Identified the cursed +1 scale mail of Jeriept {*Slow +Inv
                  | rElec rC++}
 30384 | Elf:3    | Noticed a Brimstone Fiend
 30386 | Elf:3    | Noticed an Ice Fiend
 30531 | Elf:3    | Got a dazzling rapier
 30532 | Elf:3    | Identified the cursed +0 rapier of Truth {pierce, MP+9}
                  | (You found it on level 3 of the Elven Halls)
 30550 | Elf:3    | Found the +2 cloak of the Thief {+Fog Slay-2 SInv Stlth+}
 30726 | Elf:3    | Found a shimmering blue altar of Sif Muna.
 30747 | Elf:3    | Identified the ring "Asacy" {rPois rF- Slay+2 SInv Stlth+}
 30752 | Elf:3    | Reached skill level 15 in Stealth
 30944 | Elf:3    | Bought the +2 Maxwell's thermic engine {flame, freeze} for
                  | 1364 gold pieces
 30944 | Elf:3    | Found the +2 Maxwell's thermic engine {flame, freeze}
 31167 | Vaults:1 | Entered Level 1 of the Vaults
 31209 | Vaults:1 | Reached XP level 20. HP: 142/176 MP: 25/38
 31246 | Vaults:1 | Reached XP level 21. HP: 183/183 MP: 39/39
 31567 | Vaults:1 | Reached skill level 15 in Spellcasting
 31603 | Vaults:1 | Reached skill level 1 in Long Blades
 32409 | Vaults:2 | Reached skill level 5 in Shields
 33076 | Vaults:2 | Found a staircase to the Crypt.
 33709 | Vaults:3 | Noticed Margery
 33718 | Vaults:3 | HP: 1/183 [Margery/bolt of fire (66)]
 33727 | Vaults:2 | Reached skill level 5 in Long Blades
 34120 | Vaults:3 | Killed Margery
 34120 | Vaults:3 | Reached XP level 22. HP: 166/190 MP: 24/41
 34909 | Vaults:3 | Noticed Mara
 34930 | Vaults:3 | Killed Mara
 35327 | Vaults:4 | Identified the Disquisition on Freezing Translocation
 36095 | Vaults:4 | Reached skill level 10 in Long Blades
 36171 | Vaults:4 | Found Emniklet's Assorted Antiques.
 36179 | Vaults:4 | Bought 2 potions of heal wounds for 250 gold pieces
 36179 | Vaults:4 | Bought a scroll of enchant weapon for 187 gold pieces
 36369 | Vaults:4 | Found a portal to a secret trove of treasure.
 36568 | Vaults:5 | Entered Level 5 of the Vaults
 36575 | Vaults:5 | Reached XP level 23. HP: 108/198 MP: 27/42
 36817 | Vaults:5 | Identified the +9 arbalest of Ocasit {speed, Int+4}
 37089 | Vaults:5 | HP: 10/297 [titan (30)]
 37104 | Vaults:5 | Noticed a golden dragon
 37107 | Vaults:5 | Noticed Jory
 37111 | Vaults:5 | Killed from afar by Jory

Levels and vault maps discovered:
D:1:      kb_arrival_jail, layout_basic
D:2:      layout_basic, serial_forest, infiniplex_forest_clump_cross,
          infiniplex_forest_lined_3, infiniplex_forest_fountain,
          infiniplex_forest_lined_room_2, infiniplex_forest_corner_1,
          infiniplex_forest_clump_curved
D:3:      minmay_razor_zed, layout_rooms, first_ration,
          minmay_misc_feat_enclosed
D:4:      layout_basic
D:5:      layout_basic, nicolae_ashenzari_panopticon,
          nicolae_overflow_hidden_temple, gammafunk_ghost_split, uniq_edmund,
          uniq_ijyb
D:6:      layout_loops_ring, uniq_blork_the_orc
D:7:      layout_basic, temple_hall_moat, gammafunk_ghost_necromancy,
          the_bakery, uniq_duvessa
D:8:      layout_cave_pods, lemuel_coloured_pillars_altar, kennysheep_mini,
          due_lair_maze_entry_diamond
D:9:      layout_basic, nemelex_xobeh_ov_fountains_minmay,
          chequers_temple_overflow_statue_of_worship, lightli_corner_chamber,
          uniq_erolcha
D:10:     layout_cave_pools, small_statue_alley_a
D:11:     layout_loops_ring, orc_0_dummy, serial_shops, nicolae_shop_stone,
          uniq_harold
D:12:     layout_rooms, uniq_frances
D:13:     minmay_the_grid_square_5x5_3x3
          [minmay_the_grid_square_5x5_checkered_statues,
          minmay_the_grid_square_5x5_corner,
          minmay_the_grid_square_5x5_three_walls,
          minmay_the_grid_square_5x5_bridge,
          minmay_the_grid_square_5x5_megaprize_open,
          minmay_the_grid_square_5x5_longway,
          minmay_the_grid_square_5x5_six_small,
          minmay_the_grid_square_5x5_hollow_slash,
          minmay_the_grid_square_5x5_two_walls_b], layout_rooms, uniq_rupert,
          uniq_jorgrun, uniq_sonja
D:14:     layout_roguey, david_vaults_1, basic_altar
D:15:     hangedman_depths_entry_try_elsewhere_first, layout_irregular_city,
          hangedman_abyss_or_decor_stagger, uniq_azrael
Temple:   minmay_temple_curvy_branch
Lair:1:   layout_loops_ring, chequers_serial_rivers_small_a,
          infiniplex_staircase_pool_2
Lair:2:   cheibrodos_lair_overgrown_chateau, layout_gridlike,
          shoals_dummy_entry, patterned_corridor, lemuel_fruit_tree
Lair:3:   layout_misc_corridors, guppyfry_snake_entry_island
Lair:4:   layout_small_grid, uniq_nessos
Lair:5:   layout_long_grid, slime_dummy, infiniplex_staircase_pool,
          serial_bayou_shore_b
Lair:6:   hangedman_lair_tendril_chambers, layout_regular_city,
          gauntlet_entry_generic, uniq_urug
Snake:1:  cheibrodos_snake_ritualist_ritual, layout_rooms, serial_shops,
          nicolae_shop_temple_entry_statues_fountains, basic_altar
Snake:2:  layout_onion, serial_shops, nicolae_shop_statue_plus, uniq_kirke
Snake:3:  layout_onion_interference, basic_altar,
          hangedman_snake_wide_pillar_pass
Snake:4:  snake_hunt, layout_cave_town, grunt_ministairs_14,
          nicolae_snake_horde_hoard, grunt_megastairs_3, uniq_saint_roka,
          uniq_asterion, uniq_vashnia, uniq_louise
Orc:1:    layout_diamond_mine, uniq_erica, uniq_maurice
Orc:2:    grunt_orc_gardens, layout_caves, grunt_orc_garden, grunt_orc_garden,
          grunt_orc_garden, grunt_orc_garden, bloody_makhleb, uniq_donald
Elf:1:    layout_loops_corners, serial_shops, nicolae_shop_waterfront,
          hangedman_elf_disciples, uniq_aizul
Elf:2:    layout_geoelf_grid, special_room [special_room_mythical_zoo],
          serial_shops, nicolae_shop_trees, nicolae_shop_behind_doors,
          eino_tiny_chamber
Elf:3:    minmay_elf_hall_quartered_circle, layout_onion_city, serial_shops,
          nicolae_shop_waterfront, solitary_fountain, roderic_three_in_a_row,
          lemuel_blue_sif_altar
Vaults:1: nicolae_vaults_rhombus_6, nicolae_vaults_hallways_thing,
          nicolae_vaults_little_squares_2, vaults_room_fours,
          dpeg_vaults_monster_box, vaults_dpeg_ring, v_misc_29, v_alt_pattern_1,
          vaults_mumra_hex, nicolae_vaults_specimen_jars,
          nicolae_vaults_sealed_display, nicolae_vaults_alarming,
          layout_vaults_omnibox
Vaults:2: minmay_crypt_entry_simple_statues, hangedman_vaults_river_flow,
          ontoclasm_vaults_claustrophobia, vaults_mumra_minichess, v_misc_8,
          v_misc_19, ontoclasm_vaults_gateway, st_spiral_rooms, v_pattern_3,
          v_misc_10, v_misc_9, grunt_vaults_hallway_short,
          layout_vaults_omnicross
Vaults:3: grunt_vaults_bifocal, v_alt_pattern_5, vaults_room_door_ring,
          nicolae_vaults_network_star, nicolae_vaults_little_squares_3,
          ontoclasm_vaults_shout, hangedman_vaults_stretched_pinwheel,
          nicolae_vaults_little_squares_6, vaults_room_pools, vaults_dpeg_hooks,
          v_misc_25, layout_vaults_ring, uniq_margery, uniq_mara
Vaults:4: v_misc_11, v_rooms_5, hangedman_vaults_snaps, v_misc_32,
          nicolae_vaults_network_periphery, v_misc_13, vaults_room_semicircle,
          sword_in_stone, nicolae_vaults_ninety_degrees,
          grunt_vaults_hallway_short, vaults_room_stairs_pillars,
          layout_vaults_maze_snakey, serial_shops, shop,
          nicolae_trove_entry_crystal
Vaults:5: serial_shops, uniq_jory, uniq_boris

Skill      XL: |  1  2  3  4  5  6  7  8  9 10 11 12 13 14 15 16 17 18 19 20 21 22 23 |
---------------+----------------------------------------------------------------------+-----
Conjurations   | 2 3 5 6 7 9 10 12 14 15 | 15.0
Poison Magic   | 3 5 6 |  6.0
Stealth        | 5 6 7 9 12 15 | 15.0
Spellcasting   | 4 6 8 10 11 12 13 14 15 | 15.0
Evocations     | 1 4 6 8 |  8.9
Maces & Flails | 2 5 6 |  6.1
Fire Magic     | 1 3 |  3.2
Translocations | 3 |  3.0
Fighting       | 2 6 7 8 9 10 | 10.0
Charms         | 3 6 |  6.0
Necromancy     | 3 7 10 11 12 | 12.0
Ice Magic      | 4 6 7 9 |  9.0
Short Blades   | 5 8 10 11 12 | 12.0
Armour         | 4 6 7 9 |  9.0
Shields        | 1 3 7 9 |  9.0
Air Magic      | 4 8 9 |  9.0
Long Blades    | 5 11 13 | 13.6
Dodging        | |  1.5
Summonings     | |  1.0

Action                   |  1- 3 |  4- 6 |  7- 9 | 10-12 | 13-15 | 16-18 | 19-21 | 22-24 || total
-------------------------+-------+-------+-------+-------+-------+-------+-------+-------++-------
Melee: Club              |     2 |       |       |       |       |       |       |       ||     2
       Falchion          |     1 |    14 |       |       |       |       |       |       ||    15
       Flail             |       |    21 |   103 |       |       |       |       |       ||   124
       Mace              |       |       |    45 |   381 |   160 |       |       |       ||   586
       Constrict         |       |       |       |       |   157 |   177 |   117 |    51 ||   502
       Dagger            |       |       |       |       |   626 |  1049 |    63 |       ||  1738
       Short sword       |       |       |       |       |    25 |    47 |    13 |       ||    85
       Rapier            |       |       |       |       |       |    67 |   649 |   298 ||  1014
       Double sword      |       |       |       |       |       |       |    12 |   153 ||   165
 Cast: Magic Dart        |    39 |    64 |    92 |   148 |       |       |       |       ||   343
       Mephitic Cloud    |       |     4 |    16 |    61 |    67 |    39 |    16 |     5 ||   208
       Conjure Flame     |       |       |    15 |    36 |    44 |    42 |    11 |     4 ||   152
       Blink             |       |       |     1 |    12 |     9 |    34 |    15 |     8 ||    79
       Dispel Undead     |       |       |       |     3 |    10 |    10 |    15 |    22 ||    60
       Bolt of Draining  |       |       |       |    12 |    45 |    52 |    24 |    13 ||   146
       Regeneration      |       |       |       |     3 |    46 |   113 |    86 |    46 ||   294
       Throw Icicle      |       |       |       |       |    87 |   105 |    43 |     7 ||   242
       Sublimation of Bl |       |       |       |       |     2 |    14 |    21 |    14 ||    51
       Freezing Cloud    |       |       |       |       |       |    10 |    31 |    11 ||    52
Invok: Receive Necronomi |       |       |       |       |       |     1 |       |       ||     1
 Abil: Spit Poison       |    30 |    48 |    39 |   167 |   196 |   168 |    86 |    34 ||   768
       Evoke Fog         |       |       |       |       |       |       |     2 |       ||     2
Evoke: Wand              |       |       |     2 |    29 |    36 |    32 |    12 |    11 ||   122
  Use: Scroll            |       |     6 |     8 |     6 |    14 |    13 |     7 |     5 ||    59
       Potion            |       |       |     2 |     3 |     3 |     7 |     7 |     6 ||    28
 Stab: Confused          |       |     1 |     8 |    20 |    39 |    18 |    10 |     5 ||   101
       Sleeping          |       |       |     1 |       |     7 |    18 |    12 |    24 ||    62
       Invisible         |       |       |       |       |       |     5 |       |       ||     5
       Distracted        |       |       |       |       |       |     2 |       |     1 ||     3
  Eat: Chunk             |     2 |     8 |     8 |    31 |    42 |    25 |    29 |    13 ||   158
       Ration            |       |       |     1 |       |     2 |     8 |     2 |     1 ||    14
Armor: Robe              |     2 |     7 |    19 |    99 |   193 |       |       |       ||   320
       Skin              |       |       |    31 |     3 |    81 |       |       |       ||   115
       Acid dragon scale |       |       |       |       |    50 |   407 |   284 |   186 ||   927
       Fire dragon scale |       |       |       |       |       |       |       |    36 ||    36
Dodge: Dodged            |     3 |    41 |    85 |   288 |   459 |   478 |   207 |   116 ||  1677
Block: Buckler           |       |       |       |       |     3 |   267 |   183 |       ||   453
       Reflection        |       |       |       |       |       |    26 |    31 |    15 ||    72
       Shield            |       |       |       |       |       |       |     6 |   203 ||   209
       Rpst.: Falchion   |       |     6 |       |       |       |       |       |       ||     6
       Double sword      |       |       |       |       |       |       |       |    14 ||    14

Table legend:
 A = Non-vault XP
 B = Vault XP
 C = Vault XP percentage of total XP
 D = Non-vault monster count
 E = Vault monster count
 F = Vault count percentage of total count
                 A         B        C        D         E       F
            +---------+---------+-------+---------+---------+-------
      Total |  313352 |  357828 |  53.3 |     908 |     491 |  35.1
            +---------+---------+-------+---------+---------+-------
        D:1 |      31 |       0 |   0.0 |      16 |       0 |   0.0
        D:2 |      76 |       0 |   0.0 |      19 |       0 |   0.0
        D:3 |      89 |      25 |  21.9 |      20 |       8 |  28.6
        D:4 |     276 |       0 |   0.0 |      11 |       0 |   0.0
        D:5 |     660 |     755 |  53.4 |      11 |       4 |  26.7
        D:6 |     731 |      96 |  11.6 |      19 |       1 |   5.0
        D:7 |    1456 |    1402 |  49.1 |      23 |       8 |  25.8
        D:8 |    1655 |    1135 |  40.7 |      31 |      10 |  24.4
        D:9 |    2558 |    1177 |  31.5 |      37 |       5 |  11.9
       D:10 |    3796 |       0 |   0.0 |      39 |       0 |   0.0
       D:11 |    2367 |     992 |  29.5 |      24 |       1 |   4.0
       D:12 |    1492 |    2125 |  58.8 |      15 |       1 |   6.2
       D:13 |    6137 |   12368 |  66.8 |      26 |      21 |  44.7
       D:14 |    4227 |    1812 |  30.0 |      17 |       3 |  15.0
       D:15 |    6473 |    4312 |  40.0 |      29 |       9 |  23.7
     Lair:1 |    4397 |       0 |   0.0 |      24 |       0 |   0.0
     Lair:2 |    1331 |    4641 |  77.7 |       4 |      17 |  81.0
     Lair:3 |    5385 |     166 |   3.0 |      23 |       1 |   4.2
     Lair:4 |    6842 |    1306 |  16.0 |      23 |       1 |   4.2
     Lair:5 |    5309 |     145 |   2.7 |      15 |       1 |   6.2
     Lair:6 |   15711 |   10795 |  40.7 |      44 |      35 |  44.3
    Snake:1 |   17886 |    2637 |  12.8 |      34 |       5 |  12.8
    Snake:2 |   12998 |    2105 |  13.9 |      26 |       1 |   3.7
    Snake:3 |   16438 |     767 |   4.5 |      21 |       3 |  12.5
    Snake:4 |   13988 |   62850 |  81.8 |      23 |      87 |  79.1
      Orc:1 |    1728 |    1400 |  44.8 |      26 |       2 |   7.1
      Orc:2 |    1358 |   11672 |  89.6 |      13 |      28 |  68.3
      Elf:1 |   21109 |    8814 |  29.5 |      32 |      12 |  27.3
      Elf:2 |   23748 |   17133 |  41.9 |      41 |      22 |  34.9
      Elf:3 |    7592 |   47600 |  86.2 |      12 |      33 |  73.3
   Vaults:1 |   35626 |   11762 |  24.8 |      63 |      17 |  21.2
   Vaults:2 |   13451 |   27626 |  67.3 |      28 |      40 |  58.8
   Vaults:3 |   26882 |   30976 |  53.5 |      60 |      32 |  34.8
   Vaults:4 |   29796 |   35661 |  54.5 |      38 |      34 |  47.2
   Vaults:5 |   19753 |   49262 |  71.4 |      21 |      39 |  65.0
   Gauntlet |       0 |    4311 | 100.0 |       0 |      10 | 100.0
            +---------+---------+-------+---------+---------+-------
